| TOP OF THE 1ST |
|
Williamsport Crosscutters batting - Pitching for Los Angeles (NYP) Dodgers : LHP Conor Bailey
|
|
Pitching: LHP Conor Bailey
|
|
|
Batting: RHB Eddie Serna
|
0-0: Ball 1-0: Called Strike 1-1: Fly out, F9 (Flyball, 9, EV 90.6 MPH)
|
|
Batting: LHB Dennis French
|
0-0: Ball 1-0: SINGLE (Groundball, 6, EV 110.0 MPH)
|
|
Batting: LHB Rich Kuehne
|
0-0: Ball 1-0: Swinging Strike 1-1: Ball 2-1: SINGLE (Line Drive, 89S, EV 103.8 MPH) Dennis French to second
|
|
Batting: LHB Jason Duda
|
0-0: Ball 1-0: Swinging Strike 1-1: Fly out, F7 (Flyball, 7D, EV 98.8 MPH)
|
|
Batting: RHB Simon Mergeni
|
0-0: Ball 1-0: SINGLE (Line Drive, 78S, EV 112.5 MPH) Dennis French to third Rich Kuehne to second Runner from 3rd tries for Home, SAFE, throw by LF to home
|
|
Batting: RHB Teh-huai Jiang
|
0-0: Called Strike 0-1: Fly out, F8 (Flyball, 8RM, EV 85.6 MPH)
|
| Top of the 1st over - 1 run, 3 hits, 0 errors, 2 left on base; Williamsport 1 - Los Angeles (NYP) 0 |
| BOTTOM OF THE 1ST |
|
Los Angeles (NYP) Dodgers batting - Pitching for Williamsport Crosscutters : LHP Chad Mroczkowski
|
|
Pitching: LHP Chad Mroczkowski
|
|
|
Batting: RHB Perry Dominey
|
0-0: Called Strike 0-1: Ground out 6-3 (Groundball, 6S, EV 91.2 MPH)
|
|
Batting: SHB Dave Reynoso
|
0-0: Ball 1-0: Foul Ball, location: 2F 1-1: Swinging Strike 1-2: Ball 2-2: Foul Ball, location: 2F 2-2: Strikes out swinging
|
|
Batting: SHB Guy Jerome
|
0-0: Called Strike 0-1: Ground out 5-3 (Groundball, 5L, EV 101.9 MPH)
|
| Bottom of the 1st over - 0 runs, 0 hits, 0 errors, 0 left on base; Williamsport 1 - Los Angeles (NYP) 0 |
| TOP OF THE 2ND |
|
Williamsport Crosscutters batting - Pitching for Los Angeles (NYP) Dodgers : LHP Conor Bailey
|
|
Batting: RHB Steve Kirby
|
0-0: Foul Ball, location: 2F 0-1: Ball 1-1: Called Strike 1-2: Strikes out swinging
|
|
Batting: RHB Rafael Soto
|
0-0: Ball 1-0: Ball 2-0: Ball 3-0: Called Strike 3-1: Called Strike 3-2: Strikes out looking
|
|
Batting: RHB Allen Deschamps
|
0-0: Called Strike 0-1: Foul Ball, location: 2F 0-2: Strikes out swinging
|
| Top of the 2nd over - 0 runs, 0 hits, 0 errors, 0 left on base; Williamsport 1 - Los Angeles (NYP) 0 |
| BOTTOM OF THE 2ND |
|
Los Angeles (NYP) Dodgers batting - Pitching for Williamsport Crosscutters : LHP Chad Mroczkowski
|
|
Batting: RHB Cory Bonham
|
0-0: Ball 1-0: SOLO HOME RUN (Flyball, 78XD, EV 105.6 MPH), Distance : 429 ft
|
|
Batting: SHB Marcos Cortez
|
0-0: Ball 1-0: Called Strike 1-1: Foul Ball, location: 2F 1-2: Ground out 4-3 (Groundball, 4, EV 90.0 MPH)
|
|
Batting: RHB Zach Slot
|
0-0: Ball 1-0: Ball 2-0: Ball 3-0: Base on Balls
|
|
Batting: RHB Frank Elizondo
|
0-0: Ball 1-0: Ball 2-0: Foul Ball, location: 2F 2-1: Ball 3-1: Ground out 6-3 (Groundball, P, EV 81.9 MPH) Zach Slot to second
|
|
Batting: LHB Conor Bailey
|
0-0: Ball 1-0: Called Strike 1-1: Called Strike 1-2: Fly out, F8 (Flyball, 8RD, EV 105.6 MPH)
|
| Bottom of the 2nd over - 1 run, 1 hit, 0 errors, 1 left on base; Williamsport 1 - Los Angeles (NYP) 1 |
| TOP OF THE 3RD |
|
Williamsport Crosscutters batting - Pitching for Los Angeles (NYP) Dodgers : LHP Conor Bailey
|
|
Batting: RHB Eddie Serna
|
0-0: SINGLE (Flyball, 8RS, EV 95.6 MPH)
|
|
Batting: LHB Dennis French
|
0-0: Ball 1-0: Called Strike 1-1: Called Strike 1-2: Ball 2-2: Ball 3-2: Ground out 4-3 (Groundball, 34, EV 90.0 MPH) Eddie Serna to second
|
|
Batting: LHB Rich Kuehne
|
0-0: Ball 1-0: Called Strike 1-1: Ball 2-1: Ball 3-1: Base on Balls
|
|
Batting: LHB Jason Duda
|
0-0: Ball 1-0: Called Strike 1-1: Ball 2-1: Foul Ball, location: 2F 2-2: Foul Ball, location: 2F 2-2: Foul Ball, location: 2F 2-2: Ball 3-2: SINGLE (Flyball, 5D, EV 97.5 MPH) Eddie Serna to third Rich Kuehne to second
|
|
Batting: RHB Simon Mergeni
|
0-0: SINGLE (Groundball, 6MD, EV 84.4 MPH) (infield hit) Eddie Serna scores Rich Kuehne to third Jason Duda to second
|
|
Batting: RHB Teh-huai Jiang
|
0-0: Called Strike 0-1: Called Strike 0-2: Foul Ball, location: 2F 0-2: Fly out, F3 (Popup, 34S, EV 73.1 MPH)
|
|
Batting: RHB Steve Kirby
|
0-0: Called Strike 0-1: Swinging Strike 0-2: Foul Ball, location: 2F 0-2: Foul Ball, location: 2F 0-2: Ball 1-2: Fielders Choice at 2nd, 6-4 (Groundball, 6, EV 102.5 MPH)
|
| Top of the 3rd over - 1 run, 3 hits, 0 errors, 3 left on base; Williamsport 2 - Los Angeles (NYP) 1 |
| BOTTOM OF THE 3RD |
|
Los Angeles (NYP) Dodgers batting - Pitching for Williamsport Crosscutters : LHP Chad Mroczkowski
|
|
Batting: RHB Yok-sing Zhào
|
0-0: Called Strike 0-1: Swinging Strike 0-2: Ball 1-2: Ground out U3 (Groundball, 34, EV 80.6 MPH)
|
|
Batting: RHB Perry Dominey
|
0-0: SINGLE (Line Drive, 89S, EV 95.6 MPH)
|
|
Batting: SHB Dave Reynoso
|
0-0: Ball 1-0: Called Strike 1-1: Called Strike 1-2: Foul Ball, location: 2F 1-2: Grounds into double play, 6-4-3 (Groundball, 6, EV 86.2 MPH)
|
| Bottom of the 3rd over - 0 runs, 1 hit, 0 errors, 0 left on base; Williamsport 2 - Los Angeles (NYP) 1 |
| TOP OF THE 4TH |
|
Williamsport Crosscutters batting - Pitching for Los Angeles (NYP) Dodgers : LHP Conor Bailey
|
|
Batting: RHB Rafael Soto
|
0-0: Ball 1-0: Called Strike 1-1: Swinging Strike 1-2: Foul Ball, location: 2F 1-2: Strikes out looking
|
|
Batting: RHB Allen Deschamps
|
0-0: Ball 1-0: Swinging Strike 1-1: Ball 2-1: Foul Ball, location: 2F 2-2: Ball 3-2: Base on Balls
|
|
Batting: RHB Eddie Serna
|
0-0: Ball 1-0: Called Strike 1-1: Swinging Strike 1-2: Foul Ball, location: 2F 1-2: Ball 2-2: Strikes out swinging
|
|
Pitching: RHP Justin Donovan
|
|
|
Batting: LHB Dennis French
|
0-0: Called Strike Allen Deschamps steals 2nd base 0-1: Called Strike 0-2: Strikes out looking
|
| Top of the 4th over - 0 runs, 0 hits, 0 errors, 1 left on base; Williamsport 2 - Los Angeles (NYP) 1 |
| BOTTOM OF THE 4TH |
|
Los Angeles (NYP) Dodgers batting - Pitching for Williamsport Crosscutters : LHP Chad Mroczkowski
|
|
Batting: SHB Guy Jerome
|
0-0: Ball 1-0: Fly out, F9 (Flyball, 89M, EV 90.6 MPH)
|
|
Batting: RHB Cory Bonham
|
0-0: Called Strike 0-1: Foul Ball, location: 2F 0-2: Ball 1-2: Foul Ball, location: 2F 1-2: Ball 2-2: SINGLE (Groundball, 56, EV 93.8 MPH)
|
|
Batting: SHB Marcos Cortez
|
0-0: Called Strike 0-1: Ball 1-1: Ball 2-1: Ball 3-1: Called Strike 3-2: Base on Balls Cory Bonham to second
|
|
Batting: RHB Zach Slot
|
0-0: Foul Ball, location: 2F 0-1: Ball 1-1: Foul Ball, location: 2F 1-2: Foul Ball, location: 2F 1-2: Ball 2-2: Strikes out swinging
|
|
Batting: RHB Frank Elizondo
|
0-0: Ball 1-0: Ball 2-0: Foul Ball, location: 2F 2-1: Foul Ball, location: 2F 2-2: SINGLE (Line Drive, 9S, EV 86.2 MPH) Cory Bonham to third Marcos Cortez to second Runner from 3rd tries for Home, SAFE, throw by RF to home
|
|
Batting: LHB Conor Bailey
|
0-0: Called Strike 0-1: Ball 1-1: Foul Ball, location: 2F 1-2: Ball Wild Pitch! Marcos Cortez to third Frank Elizondo to second 2-2: Ground out 6-3 (Groundball, 6, EV 80.0 MPH)
|
| Bottom of the 4th over - 1 run, 2 hits, 0 errors, 2 left on base; Williamsport 2 - Los Angeles (NYP) 2 |
| TOP OF THE 5TH |
|
Williamsport Crosscutters batting - Pitching for Los Angeles (NYP) Dodgers : RHP Justin Donovan
|
|
Batting: LHB Rich Kuehne
|
0-0: Called Strike 0-1: Fly out, F9 (Flyball, 9D, EV 103.1 MPH)
|
|
Batting: LHB Jason Duda
|
0-0: Ball 1-0: SINGLE (Groundball, 4MD, EV 96.2 MPH)
|
|
Batting: RHB Simon Mergeni
|
0-0: Fielders Choice at 2nd, 3-6 (Groundball, 34, EV 84.4 MPH)
|
|
Batting: RHB Teh-huai Jiang
|
0-0: DOUBLE (Flyball, 89XD, EV 105.0 MPH) Simon Mergeni to third Runner from 3rd tries for Home, SAFE, throw by RF to trailing runner, SAFE at third!
|
|
Batting: RHB Steve Kirby
|
0-0: Called Strike 0-1: Foul Ball, location: 2F 0-2: Ball 1-2: Ball 2-2: Ball 3-2: Foul Ball, location: 2F 3-2: Foul Ball, location: 2F 3-2: Strikes out swinging
|
| Top of the 5th over - 1 run, 2 hits, 0 errors, 1 left on base; Williamsport 3 - Los Angeles (NYP) 2 |
| BOTTOM OF THE 5TH |
|
Los Angeles (NYP) Dodgers batting - Pitching for Williamsport Crosscutters : LHP Chad Mroczkowski
|
|
Batting: RHB Yok-sing Zhào
|
0-0: Swinging Strike 0-1: Swinging Strike 0-2: Strikes out swinging
|
|
Batting: RHB Perry Dominey
|
0-0: Called Strike 0-1: Fly out, F8 (Flyball, 89M, EV 81.9 MPH)
|
|
Pitching: LHP Justin Thornton
|
|
|
Batting: SHB Dave Reynoso
|
0-0: Called Strike 0-1: Ball 1-1: Reached via error on a dropped throw from 1B, E1 (Groundball, 34S, EV 83.1 MPH)
|
|
Batting: SHB Guy Jerome
|
0-0: Foul Ball, location: 2F 0-1: Ball Dave Reynoso steals 2nd base 1-1: Ball 2-1: DOUBLE (Line Drive, 7LS, EV 103.1 MPH) Dave Reynoso scores
|
|
Batting: RHB Cory Bonham
|
0-0: Called Strike 0-1: Ball 1-1: Swinging Strike 1-2: Ball 2-2: Ball Wild Pitch! Guy Jerome to third 3-2: Strikes out swinging
|
| Bottom of the 5th over - 1 run, 1 hit, 1 error, 1 left on base; Williamsport 3 - Los Angeles (NYP) 3 |
| TOP OF THE 6TH |
|
Williamsport Crosscutters batting - Pitching for Los Angeles (NYP) Dodgers : RHP Justin Donovan
|
|
Pitching: RHP Alfredo Sanchez
|
|
|
Batting: RHB Rafael Soto
|
0-0: Swinging Strike 0-1: Ball 1-1: Called Strike 1-2: Foul Ball, location: 2F 1-2: Foul Ball, location: 2F 1-2: Strikes out swinging
|
|
Batting: RHB Allen Deschamps
|
0-0: Called Strike 0-1: Foul Ball, location: 2F 0-2: Ball 1-2: Foul Ball, location: 2F 1-2: Ball 2-2: Ball 3-2: Strikes out swinging
|
|
Batting: RHB Eddie Serna
|
0-0: Called Strike 0-1: Ball 1-1: Foul Ball, location: 2F 1-2: Ball 2-2: Strikes out swinging
|
| Top of the 6th over - 0 runs, 0 hits, 0 errors, 0 left on base; Williamsport 3 - Los Angeles (NYP) 3 |
| BOTTOM OF THE 6TH |
|
Los Angeles (NYP) Dodgers batting - Pitching for Williamsport Crosscutters : LHP Justin Thornton
|
|
Batting: SHB Marcos Cortez
|
0-0: Ball 1-0: Foul Ball, location: 2F 1-1: Called Strike 1-2: Strikes out swinging
|
|
Batting: RHB Zach Slot
|
0-0: Ball 1-0: Foul Ball, location: 2F 1-1: Foul Ball, location: 2F 1-2: Foul Ball, location: 2F 1-2: Ball 2-2: Foul Ball, location: 2F 2-2: Ground out 5-3 (Groundball, 56, EV 105.0 MPH)
|
|
Pitching: LHP Chad Torres
|
|
|
Batting: RHB Frank Elizondo
|
0-0: Ball 1-0: Called Strike 1-1: Ball 2-1: Ball 3-1: Base on Balls
|
|
Batting: LHB Conor Bailey
|
0-0: Ground out 4-3 (Groundball, 4, EV 88.1 MPH)
|
| Bottom of the 6th over - 0 runs, 0 hits, 0 errors, 1 left on base; Williamsport 3 - Los Angeles (NYP) 3 |
| TOP OF THE 7TH |
|
Williamsport Crosscutters batting - Pitching for Los Angeles (NYP) Dodgers : RHP Alfredo Sanchez
|
|
Batting: LHB Dennis French
|
0-0: Called Strike 0-1: Called Strike 0-2: Strikes out swinging
|
|
Batting: LHB Rich Kuehne
|
0-0: Ground out 2-3 (Groundball, 13S, EV 68.8 MPH)
|
|
Batting: LHB Jason Duda
|
0-0: Ball 1-0: Ball 2-0: Ball 3-0: Called Strike 3-1: Base on Balls
|
|
Batting: RHB Simon Mergeni
|
0-0: Foul Ball, location: 2F 0-1: Ball 1-1: Ball 2-1: Foul Ball, location: 2F 2-2: Ball 3-2: Base on Balls Jason Duda to second
|
|
Pitching: RHP Juan Serrano
|
|
|
Batting: RHB Teh-huai Jiang
|
0-0: Ball 1-0: Ball 2-0: Swinging Strike 2-1: Foul Ball, location: 2F 2-2: Strikes out looking
|
| Top of the 7th over - 0 runs, 0 hits, 0 errors, 2 left on base; Williamsport 3 - Los Angeles (NYP) 3 |
| BOTTOM OF THE 7TH |
|
Los Angeles (NYP) Dodgers batting - Pitching for Williamsport Crosscutters : LHP Chad Torres
|
|
Pinch Hitting: RHB Edward Hillock
|
0-0: Called Strike 0-1: Ball 1-1: Ball 2-1: Called Strike 2-2: SOLO HOME RUN (Flyball, 7D, EV 96.9 MPH), Distance : 390 ft
|
|
Batting: RHB Perry Dominey
|
0-0: Called Strike 0-1: Fly out, F4 (Popup, 3S, EV 72.5 MPH)
|
|
Batting: SHB Dave Reynoso
|
0-0: Called Strike 0-1: SOLO HOME RUN (Flyball, 78XD, EV 103.1 MPH), Distance : 432 ft
|
|
Batting: SHB Guy Jerome
|
0-0: Ball 1-0: Foul Ball, location: 2F 1-1: Ball 2-1: Foul Ball, location: 2F 2-2: Ball 3-2: Foul Ball, location: 2F 3-2: Strikes out swinging
|
|
Batting: RHB Cory Bonham
|
0-0: Ball 1-0: Ball 2-0: Ball 3-0: Base on Balls
|
|
Batting: SHB Marcos Cortez
|
0-0: Foul Ball, location: 2F 0-1: Foul Ball, location: 3F, Error on foul ball, E3 0-2: Fly out, F9 (Flyball, 89S, EV 91.2 MPH)
|
| Bottom of the 7th over - 2 runs, 2 hits, 1 error, 1 left on base; Williamsport 3 - Los Angeles (NYP) 5 |
| TOP OF THE 8TH |
|
Williamsport Crosscutters batting - Pitching for Los Angeles (NYP) Dodgers : RHP Juan Serrano
|
|
Now at 2B: Chris Graham
|
|
|
Now in CF: Justin Van Houten
|
|
|
Batting: RHB Steve Kirby
|
0-0: Ball 1-0: Ball 2-0: Ball 3-0: Base on Balls
|
|
Batting: RHB Rafael Soto
|
0-0: TRIPLE (Flyball, 7D, EV 108.8 MPH) Steve Kirby scores
|
|
Batting: RHB Allen Deschamps
|
0-0: Foul Ball, location: 2F 0-1: Called Strike 0-2: Ball 1-2: Fly out, F9 (Flyball, 9S, EV 90.6 MPH)
|
|
Batting: RHB Eddie Serna
|
0-0: Ball 1-0: Ball 2-0: Ball 3-0: Called Strike 3-1: Swinging Strike 3-2: Foul Ball, location: 2F 3-2: Base on Balls
|
|
Batting: LHB Dennis French
|
0-0: Called Strike 0-1: Ball 1-1: Ball 2-1: Foul Ball, location: 2F 2-2: Fielders Choice at 2nd, 1-6 (Groundball, 34S, EV 72.5 MPH)
|
|
Batting: LHB Rich Kuehne
|
0-0: Called Strike 0-1: Ball 1-1: Swinging Strike 1-2: Foul Ball, location: 2F 1-2: SINGLE (Flyball, 6MD, EV 98.1 MPH) Rafael Soto scores Dennis French to second
|
|
Batting: LHB Jason Duda
|
0-0: Ball Wild Pitch! Dennis French to third Rich Kuehne to second 1-0: Ground out 4-3 (Groundball, 4, EV 104.4 MPH)
|
| Top of the 8th over - 2 runs, 2 hits, 0 errors, 2 left on base; Williamsport 5 - Los Angeles (NYP) 5 |
| BOTTOM OF THE 8TH |
|
Los Angeles (NYP) Dodgers batting - Pitching for Williamsport Crosscutters : LHP Chad Torres
|
|
Batting: RHB Zach Slot
|
0-0: Called Strike 0-1: Ball 1-1: Called Strike 1-2: Strikes out swinging
|
|
Batting: RHB Frank Elizondo
|
0-0: Fly out, F8 (Flyball, 8LD, EV 87.5 MPH)
|
|
Batting: RHB Jose Corral
|
0-0: Ground out 4-3 (Groundball, 4, EV 76.2 MPH)
|
| Bottom of the 8th over - 0 runs, 0 hits, 0 errors, 0 left on base; Williamsport 5 - Los Angeles (NYP) 5 |
| TOP OF THE 9TH |
|
Williamsport Crosscutters batting - Pitching for Los Angeles (NYP) Dodgers : RHP Juan Serrano
|
|
Pitching: LHP Randy Dupuis
|
|
|
Batting: RHB Simon Mergeni
|
0-0: Ball 1-0: SINGLE (Groundball, 34S, EV 67.5 MPH) (infield hit)
|
|
Batting: RHB Teh-huai Jiang
|
0-0: Called Strike 0-1: Foul Ball, location: 2F 0-2: Ball 1-2: Ball 2-2: Ball 3-2: Base on Balls Simon Mergeni to second
|
|
Batting: RHB Steve Kirby
|
0-0: Ball 1-0: Ball 2-0: Foul Ball, location: 2F 2-1: Fly out, F9 (Line Drive, 9LM, EV 95.6 MPH) Runner from 2nd tags up, SAFE at 3rd with throw by RF
|
|
Batting: RHB Rafael Soto
|
0-0: Ball 1-0: Called Strike 1-1: Called Strike 1-2: Foul Ball, location: 2F 1-2: Ball 2-2: Foul Ball, location: 2F 2-2: Ball 3-2: Grounds into double play, 6-4-3 (Groundball, 6, EV 81.2 MPH)
|
| Top of the 9th over - 0 runs, 1 hit, 0 errors, 1 left on base; Williamsport 5 - Los Angeles (NYP) 5 |
| BOTTOM OF THE 9TH |
|
Los Angeles (NYP) Dodgers batting - Pitching for Williamsport Crosscutters : LHP Chad Torres
|
|
Pitching: RHP Dave Gomez
|
|
|
Pinch Hitting: LHB Randy Stapleton
|
0-0: Fly out, F8 (Line Drive, 8RD, EV 98.8 MPH)
|
|
Batting: RHB Perry Dominey
|
0-0: Ground out 5-3 (Groundball, 5S, EV 85.0 MPH)
|
|
Batting: SHB Dave Reynoso
|
0-0: Called Strike 0-1: Called Strike 0-2: Ball 1-2: Strikes out looking
|
| Bottom of the 9th over - 0 runs, 0 hits, 0 errors, 0 left on base; Williamsport 5 - Los Angeles (NYP) 5 |
| TOP OF THE 10TH |
|
Williamsport Crosscutters batting - Pitching for Los Angeles (NYP) Dodgers : LHP Randy Dupuis
|
|
Now in CF: Randy Stapleton
|
|
|
Batting: RHB Allen Deschamps
|
0-0: Foul Ball, location: 2F 0-1: Ball 1-1: Foul Ball, location: 2F 1-2: Strikes out looking
|
|
Batting: RHB Eddie Serna
|
0-0: Ball 1-0: Ball 2-0: Ball 3-0: Ground out 5-3 (Groundball, 5D, EV 81.9 MPH)
|
|
Batting: LHB Dennis French
|
0-0: Ball 1-0: Foul Ball, location: 2F 1-1: Foul Ball, location: 2F 1-2: Ground out 4-3 (Groundball, 4S, EV 88.1 MPH)
|
| Top of the 10th over - 0 runs, 0 hits, 0 errors, 0 left on base; Williamsport 5 - Los Angeles (NYP) 5 |
| BOTTOM OF THE 10TH |
|
Los Angeles (NYP) Dodgers batting - Pitching for Williamsport Crosscutters : RHP Dave Gomez
|
|
Pitching: LHP Ray Paul
|
|
|
Batting: RHB Chris Graham
|
0-0: Ball 1-0: Swinging Strike 1-1: Ground out 5-3 (Groundball, 56S, EV 64.4 MPH)
|
|
Batting: RHB Cory Bonham
|
0-0: Ball 1-0: Ground out 6-3 (Groundball, 6, EV 87.5 MPH)
|
|
Batting: SHB Marcos Cortez
|
0-0: DOUBLE (Flyball, 8LXD, EV 90.6 MPH)
|
|
Batting: RHB Zach Slot
|
0-0: Swinging Strike 0-1: Called Strike 0-2: SINGLE (Line Drive, 8RS, EV 91.9 MPH) Marcos Cortez to third
|
|
Batting: RHB Frank Elizondo
|
0-0: Ball 1-0: SINGLE (Groundball, 56S, EV 58.1 MPH) (infield hit) Marcos Cortez scores
|
| Bottom of the 10th over - 1 run, 3 hits, 0 errors, 1 left on base; Williamsport 5 - Los Angeles (NYP) 6 |
|